 Dungeon Crawl Stone Soup version 0.31.0-11-ge490571c62 (webtiles) character file.

Game seed: 6649053782934309895

9 Jokingforfun the Sneak (level 2, 0/19 HPs)
             Began as a Kobold Delver on Feb 3, 2024.
             Succumbed to a scorpion's poison
             ... on level 5 of the Dungeon.
             The game lasted 00:01:20 (103 turns).

Jokingforfun the Sneak (Kobold Delver)               Turns: 103, Time: 00:01:20

Health: 0/19       AC:  3    Str:  9    XL:     2   Next: 20%
Magic:  2/2        EV: 14    Int: 11    God:
Gold:   16         SH:  0    Dex: 16    Spells: 1/1 levels left

rFire   . . .        a - +0 short sword
rCold   . . .        (no shield)
rNeg    . . .        b - +0 leather armour
rPois   .            (no helmet)
rElec   .            (no cloak)
rCorr   .            (no gloves)
SInv    .            (no boots)
Will    .....        (no amulet)
Stlth   ++++         (no ring)
HPRegen 0.23/turn    (no ring)
MPRegen 0.08/turn

%: no passive effects
@: lethally poisoned (0 -> -6)
A: small, no large weapons, nightstalker 3
a: no special abilities


You were on level 5 of the Dungeon.
You visited 1 branch of the dungeon, and saw 2 of its levels.

You collected 16 gold pieces.

Inventory:

Hand Weapons
 a - a +0 short sword (weapon)
Armour
 b - a +0 leather armour (worn)
Wands
 g - a wand of digging (3)
Scrolls
 c - a scroll of fog
 d - a scroll of revelation
 h - a scroll of enchant armour {unknown}
Potions
 f - a potion of haste


   Skills:
 + Level 3.4 Fighting
 + Level 2.8 Short Blades
 + Level 2.4 Dodging
 + Level 7.0 Stealth


You had one spell level left.
You didn't know any spells.
Your spell library contained the following spells:

 Spells                   Type           Power      Damage    Failure   Level
 Apportation              Tloc           0%         N/A       45%         1
 Necrotise                Necr           0%         1d4       45%         1
 Sting                    Conj/Alch      0%         1d3       45%         1
 Summon Small Mammal      Summ           0%         N/A       45%         1


Dungeon Overview and Level Annotations

Branches:
Dungeon (6/15)
 Temple: D:4-7

Altars:

Annotations:
D:5 MadMike78's ghost, novice GnWn


Innate Abilities, Weirdness & Mutations

You are small and have problems with some larger weapons.
You are completely attuned to the shadows.


Message History

There is a stone staircase leading down here.
Found a scroll labelled NABISO XEKLI.
An adder comes into view.
The adder moves out of view.
Found 8 stones.
h - a scroll labelled NABISO XEKLI
Found an escape hatch in the ceiling.
An ufetubus comes into view.
Found a stone staircase leading up.
A scorpion and an ufetubus come into view.
The ufetubus shouts! x2
The ufetubus slips past you! The ufetubus misses you.
The ufetubus barely misses you.
The ufetubus hits you but does no damage.
The ufetubus closely misses you. The ufetubus barely misses you.
The ufetubus hits you but does no damage.
There is an escape hatch in the ceiling here.
The ufetubus barely misses you. The ufetubus hits you. x2
The ufetubus closely misses you.
You closely miss the scorpion. The ufetubus barely misses you. x3
The ufetubus hits you but does no damage.
The scorpion stings you.
You are lethally poisoned!
The scorpion poisons you! The ufetubus barely misses you.
The ufetubus hits you. The ufetubus closely misses you.
The ufetubus barely misses you.
Read: scroll of fear
Press: ? - help, Q - select action, (/) - cycle Dir - look around, f - activate You can't see that place. [the floor.]
As you read the scroll of fear, it crumbles to dust.
You assume a fearsome visage.
The scorpion looks frightened!
The ufetubus looks frightened! x2
* * * LOW HITPOINT WARNING * * *
You feel very sick.
Okay, then.
* * * LOW HITPOINT WARNING * * *
You feel sick.
There is an escape hatch in the ceiling here.
You die...

#..........#
#........... ...#
#..........#
.....#
####.....###
......5#
###...#.##
.......###.....#.#
...........#.###
........####.#
.s..@.### ≈≈≈
.......... ....
.......###
...<...# .5......


You could see a scorpion (fleeing) and 2 ufetubi.

Vanquished Creatures
  An adder (D:5)
1 creature vanquished.

Notes
Turn   | Place    | Note
-------+----------+-------------------------------------------
     0 | D:5      | Jokingforfun the Kobold Delver began the quest for the Orb.
     0 | D:5      | Reached XP level 1. HP: 14/14 MP: 1/1
    20 | D:5      | Found a runed translucent door.
    27 | D:5      | Noticed MadMike78's ghost (novice GnWn)
    42 | D:5      | Reached skill level 7 in Stealth
    42 | D:5      | Reached XP level 2. HP: 19/19 MP: 2/2
    55 | D:6      | Noticed a phantom
    97 | D:5      | Noticed a scorpion
   103 | D:5      | Succumbed to a scorpion's poison

Illustrated notes

Levels and vault maps discovered:
D:5:      layout_rooms, nicolae_gozag_zags_fifth_avenue,
          ebering_ghost_reflecting_pool, serial_library_hellmonk_recessed_alcove
D:6:      layout_loops_ring, serial_shops, nicolae_shop_peninsula,
          uniq_menkaure, uniq_crazy_yiuf_cottage

Skill      XL: |  1 |
---------------+----+-----
Stealth        | 7 |  7.0
Fighting       | |  3.4
Short Blades   | |  2.8
Dodging        | |  2.4

Action                     || total
---------------------------++-------
  Melee: Short sword       ||     7
    Use: Scroll            ||     1
 Armour: Leather armour    ||     8
  Dodge: Dodged            ||    17
